 Dungeon Crawl Stone Soup version 0.25-a0-292-gaa31f046c4 (webtiles) character file.

Game seed: 615066174035154852, levelgen mode: deterministic

53873 Error4North the Peltast (level 14, -4/134 HPs)
             Began as a Hill Orc Fighter on Dec 14, 2019.
             Was the Champion of Okawaru.
             Killed by the air
             ... invoked by a blizzard demon
             ... summoned by Asterion
              (11 damage)
             ... on level 1 of the Spider Nest on Dec 15, 2019.
             The game lasted 04:18:15 (21460 turns).

Error4North the Peltast (Hill Orc Fighter)         Turns: 21460, Time: 04:18:16

Health: -4/134     AC: 25    Str: 22    XL:     14   Next: 70%
Magic:  19/22      EV:  9    Int: 16    God:    Okawaru [******]
Gold:   797        SH: 14    Dex: 12    Spells: 8/24 levels left

rFire    + + .     SeeInvis .   Z - +6 hand axe "Plog" {speed, rF++ Int+3}
rCold    . . .     Gourm    .   c - +0 shield
rNeg     . . .     Faith    .   F - +2 chain mail {MR+}
rPois    +         Spirit   .   P - +2 helmet
rElec    .         Reflect  .   h - +2 cloak {MR+}
rCorr    .         Harm     .   C - +0 pair of gloves
MR       +++..                  I - +0 pair of boots
Stlth    ..........             M - amulet of regeneration
HPRegen  1.72/turn              o - +6 ring of slaying
MPRegen  0.18/turn              j - ring of poison resistance

@: brilliant, marked, flying, regenerating, hasted, very quick
A: yellow scales 1, robust 1
a: Heroism, Finesse, Renounce Religion


You were on level 1 of the Spider Nest.
You worshipped Okawaru.
Okawaru was exalted by your worship.
You were not hungry.

You visited 4 branches of the dungeon, and saw 21 of its levels.

You collected 1169 gold pieces.
You spent 372 gold pieces at shops.

Inventory:

Hand Weapons
 s - a +2 fustibalus
 R - the +6 rapier "Qybluump" {flame, *Corrode rF+ MP+9 Int+3}
   (Okawaru gifted it to you on level 10 of the Dungeon)

   It has been specially enchanted to burn those struck by it, causing extra
   injury to most foes and up to half again as much damage against particularly
   susceptible opponents.
   It affects your intelligence (+3).
   It protects you from fire.
   It affects your magic capacity (+9).
   It may corrode you when you take damage.
 Y - a +1 hand axe of freezing
 Z - the +6 hand axe "Plog" (weapon) {speed, rF++ Int+3}
   (Okawaru gifted it to you on level 12 of the Dungeon)

   Attacks with this weapon are significantly faster.
   It affects your intelligence (+3).
   It greatly protects you from fire.
Missiles
 z - 106 sling bullets
 A - 6 atropa-tipped darts
 N - 8 silver boomerangs
 S - 28 poisoned darts (quivered)
Armour
 b - a scarf of cloud immunity
 c - a +0 shield (worn)
 h - a +2 cloak of magic resistance (worn)
 C - a +0 pair of gloves (worn)
 F - a +2 chain mail of magic resistance (worn)
 I - a +0 pair of boots (worn)
 P - a +2 helmet (worn)
Jewellery
 e - an uncursed ring of protection from cold
 j - a ring of poison resistance (right hand)
 o - a +6 ring of slaying (left hand)
 M - an amulet of regeneration (around neck)
Wands
 p - a wand of scattershot (2)
 v - a wand of digging (15)
 x - a wand of random effects (17)
 y - a wand of iceblast (10)
 E - a wand of disintegration (20)
 G - a wand of acid (28)
 K - a wand of flame (47)
 O - a wand of polymorph (4)
 V - a wand of paralysis (9)
Scrolls
 g - a scroll of fear
 k - 3 scrolls of remove curse
 l - 5 scrolls of teleportation
 t - 8 scrolls of identify
 u - 2 scrolls of blinking
 w - 2 scrolls of fog
 B - 2 scrolls of immolation
 J - 3 scrolls of magic mapping
 X - 2 scrolls of summoning
Potions
 i - a potion of lignification
 L - 2 potions of might
 T - 2 potions of curing
 U - 4 potions of agility
Comestibles
 f - 23 rations
 n - a chunk of flesh


   Skills:
 + Level 10.7 Fighting
 + Level 1.3 Short Blades
 + Level 13.0 Axes
   Level 1.0(7.2) Polearms
 + Level 4.0(4.7) Slings
 + Level 3.7(4.6) Throwing
 * Level 10.9 Armour
 + Level 2.4 Dodging
 + Level 0.4 Stealth
 + Level 15.8 Shields
 + Level 0.2 Unarmed Combat
 * Level 5.6 Spellcasting
 + Level 0.3 Hexes
 * Level 3.2 Charms
 * Level 3.8 Necromancy
 + Level 2.1 Translocations
 + Level 3.6 Invocations
 + Level 2.6 Evocations


You had 8 spell levels left.
You knew the following spells:

 Your Spells              Type           Power        Failure   Level  Hunger
a - Apportation           Tloc           ###...       4%          1    None
b - Confusing Touch       Hex            ###...       8%          1    None
c - Infusion              Chrm           ###.         2%          1    None
d - Song of Slaying       Chrm           ###.....     4%          2    #......
e - Spectral Weapon       Hex/Chrm       ###.....     13%         3    ##.....
f - Shroud of Golubria    Chrm/Tloc      ###...       4%          2    #......
g - Regeneration          Chrm/Necr      ####......   7%          3    ##.....
h - Tukima's Dance        Hex            ###.....     22%         3    ##.....

Your spell library contained the following spells:

 Spells                   Type           Power        Failure   Level  Hunger
 Animate Skeleton         Necr           N/A          2%          1    None
 Corona                   Hex            ###....      8%          1    None
 Summon Small Mammal      Summ           ##..         10%         1    None
 Ensorcelled Hibernation  Hex/Ice        ##....       13%         2    #......
 Confuse                  Hex            ###.....     22%         3    ##.....
 Dazzling Flash           Conj/Hex       ##....       22%         3    ##.....


Dungeon Overview and Level Annotations

Branches:
Dungeon (13/15)            Temple (1/1) D:7            Lair (6/6) D:9
  Swamp (0/4) Lair:3       Spider (1/4) Lair:2          Orc (0/2) D:10
  Slime: Lair:5-6    Vaults: D:13-14

Altars:
Ashenzari
Cheibriados
Dithmenos
Elyvilon
Fedhas
Gozag
Hepliaklqana
Kikubaaqudgha
Makhleb
Nemelex Xobeh
Okawaru
Qazlal
Ru
Sif Muna
Trog
Uskayaw
Vehumet
Wu Jian
Xom
Yredelemnul
Zin
The Shining One

Shops:
D:5 [   D:10 :?:(

Annotations:
D:9 exclusion: orange crystal statue
D:11 2 runed translucent doors
Lair:1 The Lair, exclusion: oklob plant
Lair:5 exclusion: 3 oklob plants
Spider:1 Asterion
Orc:1 Orc Mines


Innate Abilities, Weirdness & Mutations

You are partially covered in yellow scales. (AC +2)
You are robust. (+10% HP)


Message History

The blizzard demon hits you but does no damage.
Casting: Regeneration (safe; 7% risk of failure)
Confirm with . or Enter, or press ? or * to list all spells.
Your skin crawls.
You block the tarantella's attack. The blizzard demon hits you.
* * * LOW HITPOINT WARNING * * *
You block the blizzard demon's attack.
You slash the tarantella!
The tarantella is heavily wounded.
You hit the blizzard demon. You block the tarantella's attack.
You slash the tarantella!
You kill the tarantella!
Okawaru accepts your kill.
Your Axes skill increases to level 13!
You slash the blizzard demon! You hit the blizzard demon.
The blizzard demon is moderately wounded.
The blizzard demon waves its arms in wide circles.
The air twists around and violently strikes you in flight!
You die...

#≈.#...≈......#.##....#.#.#......
####.^###...#.###...#.#####..##.#
#≈##...#.###.##.H###.#.....# #
###....###...##...#..#...###
#≈#.##.#...#..##2.H[.#.#
#####.....###s.#≈##..##
###...#≈.s.###.....#
#.....###2...#...#.#
#..#...)@†#..#...###
##.#.#...##..##?.##
#≈≈≈#...#...#....#
##≈#°(###...#..#(..# ######
###.#..##(.^# ##≈≈≈# #### #≈#≈≈#
##≈### ##


You could see Asterion, a blizzard demon, a wolf spider and a tarantella.

Vanquished Creatures
  Rupert (Lair:6)
  A fire dragon (Lair:1)
  Fannar (Lair:2)
  4 hydras
  4 two-headed ogres
  4 death yaks (Lair:5)
  Pikel (D:5)
  3 ugly things
  2 orb spiders (Spider:1)
  4 wolf spiders (Spider:1)
  A deep elf mage (D:12)
  4 elephants (Lair:5)
  2 centaur zombies
  4 black mambas
  5 spiny frogs
  A centaur skeleton (D:13)
  3 rime drakes
  10 komodo dragons
  A freezing wraith (D:12)
  2 demonic crawlers (Spider:1)
  3 trolls (D:12)
  4 hornets (Lair:6)
  5 polar bears
  8 jumping spiders (Spider:1)
  4 hippogriffs
  13 blink frogs
  3 dream sheep (Lair:6)
  A centaur simulacrum (D:10)
  13 spriggans
  4 tarantellas (Spider:1)
  A wraith (D:13)
  4 redbacks (Spider:1)
  21 yaks
  8 wyverns
  A hungry ghost (D:12)
  2 wargs (D:9)
  8 vampire mosquitoes
  11 water moccasins
  2 orc warriors
  An eye of draining (D:9)
  A floating eye (Lair:5)
  5 ice beasts
  6 porcupines
  4 sky beasts
  2 black bears
  8 ogres
  2 phantoms
  13 centaurs
  28 wolves
  4 boggarts (Lair:6)
  9 crocodiles
  2 big kobolds
  18 bullfrogs
  A wyvern zombie (D:11)
  5 scorpions
  10 killer bees
  3 wights
  A howler monkey (D:5)
  3 electric eels (D:10)
  6 crimson imps
  2 bullfrog zombies
  5 jellies
  7 hounds
  A quasit (D:10)
  A gnoll shaman (D:3)
  6 orc priests
  2 bullfrog skeletons
  Crazy Yiuf (D:2)
  An iguana (D:4)
  5 orc wizards
  11 worker ants
  A mummy (D:5)
  A worker ant zombie (D:8)
  5 gnolls
  A howler monkey skeleton (D:4)
  15 adders
  3 white imps (D:10)
  An adder skeleton (D:5)
  3 worms
  3 dart slugs
  9 leopard geckos
  29 orcs
  A ball python (D:1)
  9 giant cockroaches
  6 goblins (D:1)
  7 hobgoblins
  12 jackals
  2 quokkas (D:3)
  5 bats
  3 frilled lizards
  2 hobgoblin zombies (D:5)
  13 kobolds
  2 leopard gecko skeletons
  An orc zombie (D:5)
  5 rats
  2 fungi
  4 plants
493 creatures vanquished.

Vanquished Creatures (others)
  A sky beast (D:5)
  3 slaves (D:5)
  A howler monkey (D:5)
  3 orcs (D:5)
  A kobold zombie (D:5)
  12 fungi (Lair:6)
  3 plants (Lair:6)
24 creatures vanquished.

Grand Total: 517 creatures vanquished

Notes
Turn   | Place    | Note
-------+----------+-------------------------------------------
     0 | D:1      | Error4North the Hill Orc Fighter began the quest for the
                  | Orb.
     0 | D:1      | Reached XP level 1. HP: 19/19 MP: 1/1
    50 | D:1      | Reached XP level 2. HP: 27/27 MP: 2/2
   451 | D:1      | Reached XP level 3. HP: 20/33 MP: 3/3
   916 | D:2      | Found a runed translucent door.
   917 | D:2      | Noticed Crazy Yiuf
   929 | D:2      | Killed Crazy Yiuf
   929 | D:2      | Reached XP level 4. HP: 6/40 MP: 1/4
  1690 | D:2      | Found an ancient bone altar of Kikubaaqudgha.
  1813 | D:2      | Found a shimmering altar of Xom.
  2302 | D:3      | Reached XP level 5. HP: 47/47 MP: 5/5
  2318 | D:3      | Reached skill level 4 in Shields
  2442 | D:3      | Reached skill level 1 in Dodging
  2446 | D:3      | Reached skill level 5 in Axes
  3031 | D:3      | Found an iron altar of Okawaru.
  3031 | D:3      | Found a shadowy altar of Dithmenos.
  3033 | D:3      | Found a glowing golden altar of the Shining One.
  3037 | D:3      | Found a burning altar of Makhleb.
  3037 | D:3      | Found a hazy altar of Hepliaklqana.
  3054 | D:3      | Became a worshipper of Warmaster Okawaru
  3162 | D:4      | Reached XP level 6. HP: 53/53 MP: 6/6
  3688 | D:4      | Reached * piety under Okawaru
  3688 | D:4      | Reached XP level 7. HP: 31/60 MP: 7/7
  3997 | D:5      | Entered Level 5 of the Dungeon
  4028 | D:5      | Found Zuemmoq's Armour Emporium.
  4138 | D:5      | Noticed Pikel
  4153 | D:5      | Killed Pikel
  4153 | D:5      | Reached ** piety under Okawaru
  4153 | D:5      | Reached skill level 5 in Fighting
  4153 | D:5      | Reached skill level 1 in Polearms
  4153 | D:5      | Reached skill level 5 in Armour
  4153 | D:5      | Reached skill level 5 in Shields
  4153 | D:5      | Reached XP level 8. HP: 21/68 MP: 8/8
  4876 | D:5      | Found a stormy altar of Qazlal.
  5565 | D:6      | Reached skill level 1 in Throwing
  5565 | D:6      | Reached XP level 9. HP: 68/75 MP: 9/9
  5616 | D:6      | Reached skill level 10 in Axes
  5953 | D:6      | Reached *** piety under Okawaru
  6007 | D:6      | Reached skill level 6 in Shields
  6351 | D:7      | Reached skill level 7 in Shields
  6836 | D:7      | Reached skill level 8 in Shields
  6963 | D:7      | Found a staircase to the Ecumenical Temple.
  7249 | Temple   | Entered the Ecumenical Temple
  7653 | D:8      | Reached skill level 9 in Shields
  7664 | D:8      | Noticed a two-headed ogre
  7674 | D:8      | Killed a two-headed ogre
  7674 | D:8      | Reached **** piety under Okawaru
  7674 | D:8      | Reached skill level 10 in Shields
  7674 | D:8      | Reached XP level 10. HP: 49/83 MP: 10/10
  7826 | D:8      | Noticed a two-headed ogre
  7832 | D:8      | Killed a two-headed ogre
  7832 | D:8      | Reached ***** piety under Okawaru
  7832 | D:8      | Reached skill level 11 in Shields
  8150 | D:8      | Found a basalt altar of Yredelemnul.
  8218 | D:8      | Received a gift from Okawaru
  8331 | D:9      | Found a shattered altar of Ashenzari.
  8582 | D:9      | Reached skill level 12 in Shields
  8624 | D:9      | Found a staircase to the Lair.
  8628 | D:9      | Identified a scroll of acquirement
  8816 | D:9      | Reached skill level 13 in Shields
  8833 | D:9      | Received a gift from Okawaru
  8852 | D:9      | Noticed a two-headed ogre
  8859 | D:9      | Reached XP level 11. HP: 60/89 MP: 11/11
  8865 | D:9      | Killed a two-headed ogre
  8911 | D:9      | Noticed an orange crystal statue
  9535 | D:10     | Entered Level 10 of the Dungeon
  9535 | D:10     | Found Wucud's Magic Scroll Shop.
  9902 | D:10     | Reached skill level 14 in Shields
 10350 | D:10     | Reached skill level 1 in Slings
 10381 | D:10     | Received a gift from Okawaru
 10385 | D:10     | Got a faintly glowing rapier {god gift}
 10393 | D:10     | Identified the +6 rapier "Qybluump" {flame, *Corrode rF+
                  | MP+9 Int+3} (Okawaru gifted it to you on level 10 of the
                  | Dungeon)
 10487 | D:10     | Bought a scroll of remove curse for 48 gold pieces
 10487 | D:10     | Bought a scroll of identify for 32 gold pieces
 10487 | D:10     | Bought a scroll of identify for 32 gold pieces
 10705 | D:10     | Found Ymaukk's Book Shop.
 10713 | D:10     | Bought a book of Cantrips for 260 gold pieces
 10717 | D:10     | Learned a level 1 spell: Apportation
 10719 | D:10     | Learned a level 1 spell: Confusing Touch
 10992 | D:10     | Found Wuxkideu's Book Emporium.
 11024 | D:10     | Found a staircase to the Orcish Mines.
 11154 | D:10     | Found Amnig's Weapon Shop.
 11767 | D:11     | Learned a level 1 spell: Infusion
 11770 | D:11     | Learned a level 2 spell: Song of Slaying
 11774 | D:11     | Learned a level 3 spell: Spectral Weapon
 11778 | D:11     | Learned a level 2 spell: Shroud of Golubria
 11800 | D:11     | Reached skill level 15 in Shields
 12059 | D:11     | Noticed an ice dragon
 12060 | D:11     | Noticed a fire dragon
 12061 | D:11     | Found a runed translucent door.
 12061 | D:11     | Found a runed translucent door.
 12061 | D:11     | Noticed an ice dragon
 12061 | D:11     | Noticed a fire dragon
 12062 | D:11     | Found the +2 shield of Resistance {rF+ rC+ MR+}
 12440 | D:11     | Noticed a white ugly thing
 12461 | D:11     | Killed a white ugly thing
 12875 | D:12     | Received a gift from Okawaru
 12875 | D:12     | Reached skill level 1 in Spellcasting
 13088 | D:12     | Reached XP level 12. HP: 66/97 MP: 7/14
 13185 | D:12     | Reached skill level 1 in Short Blades
 13672 | D:12     | Reached skill level 1 in Translocations
 13710 | D:12     | Upgraded the game from 0.25-a0-290-g4a1327ee3a to
                  | 0.25-a0-292-gaa31f046c4
 14532 | D:13     | Noticed a two-headed ogre
 14543 | D:12     | Received a gift from Okawaru
 14544 | D:12     | Got a slimy hand axe {god gift}
 14699 | D:12     | Identified the +6 hand axe "Plog" {speed, rF++ Int+3}
                  | (Okawaru gifted it to you on level 12 of the Dungeon)
 14792 | D:12     | Killed a two-headed ogre
 14857 | D:12     | Learned a level 3 spell: Regeneration
 15300 | Lair:1   | Entered Level 1 of the Lair of Beasts
 15645 | Lair:1   | Found a dark tunnel.
 15655 | Lair:1   | Reached ****** piety under Okawaru
 15889 | Lair:1   | Noticed a fire dragon
 15940 | Lair:2   | Noticed a four-headed hydra
 15953 | Lair:2   | Gained mutation: You are robust. (+10% HP) [potion of
                  | mutation]
 15953 | Lair:2   | Gained mutation: You are partially covered in yellow
                  | scales. (AC +2) [potion of mutation]
 15956 | Lair:2   | Killed a four-headed hydra
 16357 | Lair:2   | Reached XP level 13. HP: 117/118 MP: 19/19
 16550 | Lair:2   | Found a hole to the Spider Nest.
 16715 | Lair:2   | You fall into a shaft and drop 1 floor!
 16758 | Lair:3   | You fall into a shaft and drop 3 floors!
 16758 | Lair:6   | Entered Level 6 of the Lair of Beasts
 16773 | Lair:6   | Received a gift from Okawaru
 17007 | Lair:6   | Noticed Rupert
 17032 | Lair:6   | Killed Rupert
 17199 | Lair:6   | Reached skill level 10 in Armour
 17209 | Lair:6   | Reached skill level 1 in Invocations
 17260 | Lair:6   | Reached skill level 10 in Fighting
 17329 | Lair:6   | Reached skill level 1 in Evocations
 17350 | Lair:6   | Reached skill level 1 in Necromancy
 17492 | Lair:5   | Received a gift from Okawaru
 17561 | Lair:5   | Reached skill level 1 in Charms
 17573 | Lair:5   | Paralysed by a floating eye for 3 turns
 17592 | Lair:5   | Paralysed by a floating eye for 4 turns
 17901 | Lair:5   | Reached skill level 5 in Spellcasting
 17905 | Lair:5   | Reached XP level 14. HP: 113/133 MP: 21/21
 19142 | Lair:3   | Received a gift from Okawaru
 19176 | Lair:3   | Found a staircase to the Swamp.
 19272 | Lair:3   | Received a gift from Okawaru
 19730 | Lair:2   | Noticed Fannar
 19763 | Lair:2   | Killed Fannar
 20619 | Spider:1 | Entered Level 1 of the Spider Nest
 21147 | Spider:1 | Received a gift from Okawaru
 21152 | Spider:1 | Got a fabulously ornate robe {god gift}
 21172 | Spider:1 | Learned a level 3 spell: Tukima's Dance
 21235 | Spider:1 | Identified the +2 robe "Plog" {MR+ Regen+ Stlth+} (Okawaru
                  | gifted it to you on level 1 of the Spider Nest)
 21392 | Spider:1 | Noticed Asterion
 21454 | Spider:1 | HP: 6/134 [blizzard demon/bolt of cold[Asterion] (22)]
 21460 | Spider:1 | Killed from afar by a blizzard demon

Levels and vault maps discovered:
D:1:      wander_arrival_desolate, layout_rooms, minmay_shallow_snake_nest
D:2:      minmay_inner_zag, layout_basic, tgw_xom,
          nicolae_overflow_crystal_walls, uniq_crazy_yiuf_cottage
D:3:      layout_rooms, minitemple
D:4:      layout_loops_ring
D:5:      layout_layer_cave, nicolae_qazlal_general_emergency, serial_shops,
          shop_coins, first_ration, minmay_mini_ossuary, uniq_pikel
D:6:      layout_basic
D:7:      layout_basic, minmay_temple_entry_junction, the_bakery
D:8:      layout_loops_cross, yredelemnul_altar_generic
D:9:      layout_loops_cross, ashenzari_altar_1, erik_lair_orcish_takeover,
          nicolae_zen_rock_garden, minivault_16
D:10:     layout_layer_cave, orc_0_dummy, serial_shops, shop, shop, shop, shop,
          serial_ice, serial_ice_e, serial_ice_h, serial_ice_j, serial_ice_g
D:11:     layout_irregular_city, minmay_guarded_unrand_resistance
D:12:     layout_irregular_city, kennysheep_small_circle
D:13:     layout_cave_pools, david_vaults_5, serial_bayou, serial_bayou_pond_c,
          serial_bayou_pond_d, serial_bayou_pond_a, serial_bayou_pond_b
Temple:   nicolae_temple_hex_pool
Lair:1:   dragon1_lemuel, layout_cave_shapes, nicolae_volcano_entry_lava_flow,
          beast_lair_carwin_6, minmay_lair_oklob_chamber
Lair:2:   layout_small_grid, spider_nest_entry_web_field, minivault_26,
          uniq_fannar
Lair:3:   layout_small_grid, minmay_swamp_entry_swarm
Lair:4:   layout_hall_layers
Lair:5:   layout_roguey, disabler_island, grunt_megastairs_3
Lair:6:   minmay_lair_end_enchanted_forest, layout_gridlike,
          minmay_slime_entry_oklob_enclosed, st_stairs_10, grunt_megastairs_5,
          uniq_rupert
Spider:1: layout_spider_delve, uniq_asterion

Skill      XL: |  1  2  3  4  5  6  7  8  9 10 11 12 13 14 |
---------------+-------------------------------------------+-----
Fighting       | 4 5 6 8 10 | 10.7
Axes           | 3 4 5 6 8 9 10 11 12 13 | 13.0
Armour         | 4 5 6 7 8 10 | 10.9
Shields        | 4 5 10 13 15 | 15.8
Dodging        | 1 2 |  2.4
Polearms       | 1 |  1.0
Throwing       | 1 2 3 |  3.7
Slings         | 2 3 4 |  4.0
Spellcasting   | 1 4 5 |  5.6
Short Blades   | 1 |  1.3
Translocations | 1 2 |  2.1
Invocations    | 3 |  3.6
Evocations     | 2 |  2.6
Necromancy     | 2 3 |  3.8
Charms         | 1 3 |  3.2
Stealth        | |  0.4
Unarmed Combat | |  0.2
Hexes          | |  0.3

Action                   |  1- 3 |  4- 6 |  7- 9 | 10-12 | 13-15 || total
-------------------------+-------+-------+-------+-------+-------++-------
Melee: War axe           |   100 |   178 |   199 |    90 |       ||   567
       Spear             |       |       |    12 |     2 |    48 ||    62
       Broad axe         |       |       |       |   230 |       ||   230
       Hand axe          |       |       |       |   213 |   704 ||   917
       Rapier            |       |       |       |    40 |       ||    40
 Fire: Fustibalus        |       |       |       |    99 |    37 ||   136
Throw: Stone             |       |     7 |    71 |    31 |       ||   109
       Dart              |       |       |       |    24 |    28 ||    52
       Boomerang         |       |       |       |    31 |    55 ||    86
 Cast: Apportation       |       |       |       |    42 |    11 ||    53
       Shroud of Golubri |       |       |       |     2 |     1 ||     3
       Song of Slaying   |       |       |       |     2 |     1 ||     3
       Infusion          |       |       |       |     1 |     2 ||     3
       Spectral Weapon   |       |       |       |     1 |       ||     1
       Regeneration      |       |       |       |       |     3 ||     3
Invok: Heroism           |       |       |       |       |     3 ||     3
       Finesse           |       |       |       |       |     1 ||     1
Evoke: Wand              |       |       |       |     2 |     2 ||     4
  Use: Potion            |     1 |     1 |     1 |     5 |     8 ||    16
       Scroll            |       |     3 |     2 |     7 |    16 ||    28
 Stab: Invisible         |       |       |       |       |     3 ||     3
  Eat: Ration            |       |     2 |     3 |     8 |     3 ||    16
       Chunk             |       |     2 |     5 |     4 |     4 ||    15
Armor: Scale mail        |    41 |       |       |       |       ||    41
       Chain mail        |     5 |   106 |    97 |   226 |   253 ||   687
       Skin              |       |       |       |     2 |       ||     2
Dodge: Dodged            |    38 |    40 |    33 |   165 |   185 ||   461
Block: Shield            |    47 |   100 |    90 |   363 |   380 ||   980

Table legend:
 A = Non-vault XP
 B = Vault XP
 C = Vault XP percentage of total XP
 D = Non-vault monster count
 E = Vault monster count
 F = Vault count percentage of total count
                 A         B        C        D         E       F
            +---------+---------+-------+---------+---------+-------
      Total |   53231 |   23731 |  30.8 |     385 |     103 |  21.1
            +---------+---------+-------+---------+---------+-------
        D:1 |      48 |       2 |   4.0 |      27 |       1 |   3.6
        D:2 |      62 |      59 |  48.8 |      12 |       6 |  33.3
        D:3 |     153 |       0 |   0.0 |      18 |       0 |   0.0
        D:4 |     357 |       0 |   0.0 |      22 |       0 |   0.0
        D:5 |     736 |     663 |  47.4 |      14 |       6 |  30.0
        D:6 |    1099 |       0 |   0.0 |      18 |       0 |   0.0
        D:7 |     648 |     220 |  25.3 |      20 |       1 |   4.8
        D:8 |    2721 |       0 |   0.0 |      21 |       0 |   0.0
        D:9 |    2975 |     666 |  18.3 |      27 |       8 |  22.9
       D:10 |    2596 |    1582 |  37.9 |      27 |      12 |  30.8
       D:11 |    2345 |       0 |   0.0 |      21 |       0 |   0.0
       D:12 |    7815 |      33 |   0.4 |      44 |       1 |   2.2
       D:13 |     574 |     217 |  27.4 |       4 |       1 |  20.0
     Lair:1 |    3576 |    2537 |  41.5 |      17 |       7 |  29.2
     Lair:2 |    2970 |     997 |  25.1 |      10 |       1 |   9.1
     Lair:3 |    3770 |    1077 |  22.2 |      18 |       6 |  25.0
     Lair:4 |    3261 |       0 |   0.0 |      15 |       0 |   0.0
     Lair:5 |    6387 |    4415 |  40.9 |      16 |      12 |  42.9
     Lair:6 |    3038 |   11263 |  78.8 |      10 |      41 |  80.4
   Spider:1 |    8100 |       0 |   0.0 |      24 |       0 |   0.0
            +---------+---------+-------+---------+---------+-------
